 Dungeon Crawl Stone Soup version 0.20.0-4-g10b340a (webtiles) character file.

43 McKennaii the Sneak (level 3, -4/24 HPs)
             Began as an Octopode Assassin on May 28, 2017.
             Killed from afar by Sigmund (10 damage)
             ... with a magic dart
             ... on level 2 of the Dungeon.
             The game lasted 00:02:10 (1198 turns).

McKennaii the Sneak (Octopode Assassin)             Turns: 1198, Time: 00:02:10

Health: -4/24      AC:  1    Str: 10    XL:     3   Next: 58%
Magic:  3/3        EV: 13    Int: 13    God:
Gold:   92         SH:  0    Dex: 14    Spells: 2/2 levels left

rFire    . . .     SeeInvis .   a - +2 dagger
rCold    . . .     Gourm    .   (no shield)
rNeg     . . .     Faith    .   (helmet restricted)
rPois    .         Spirit   .   (no amulet)
rElec    .         Reflect  .   i - ring of flight
rCorr    .         Harm     .   (no ring)
MR       .....                  (no ring)
Stlth    ++++......             (no ring)
Regen    0.1/turn               (no ring)
MPRegen  0.1/turn               (no ring)
                                (no ring)
                                (no ring)

@: no status effects
A: almost no armour, stealthy swim, amphibious, 8 rings, constrict 8, camouflage
1, gelatinous body 1
a: Evoke Flight


You were on level 2 of the Dungeon.
You were hungry.

You visited 1 branch of the dungeon, and saw 2 of its levels.

You collected 92 gold pieces.

Inventory:

Hand Weapons
 a - a +2 dagger (weapon)
 b - a +0 blowgun
Missiles
 c - 18 poisoned needles (quivered)
 d - 2 curare-tipped needles
Jewellery
 i - a ring of flight (left tentacle)
Scrolls
 e - 2 scrolls of identify {unknown}
 g - a scroll of teleportation {unknown}
 h - 2 scrolls of immolation {unknown}
 j - a scroll of enchant armour {unknown}
 m - 2 scrolls of recharging {unknown}
Potions
 k - a potion of degeneration {unknown}
Comestibles
 f - a bread ration
 l - a fruit


   Skills:
 + Level 2.2 Fighting
 + Level 2.2 Short Blades
 + Level 2.1 Throwing
 + Level 1.1 Dodging
 + Level 6.6 Stealth


You had 2 spell levels left.
You didn't know any spells.

Dungeon Overview and Level Annotations

Branches:
Dungeon (2/15)

Altars:
Xom

Annotations:
D:2 Sigmund


Innate Abilities, Weirdness & Mutations

You cannot wear most types of armour.
You are very stealthy in the water. (Stealth+)
You are amphibious.
You can wear up to eight rings at the same time.
You can use your tentacles to constrict eight enemies at once.
Your skin changes colour to match your surroundings (Stealth+).
Your rubbery body absorbs attacks. (AC +1, EV +1)


Message History

Aim: Sigmund, wielding a scythe and wearing a robe You toss away a poisoned needle.
The poisoned needle hits Sigmund.
Sigmund gestures at you while chanting. The puff of flame hits you!
Tossing away (i - inventory):
c - 19 poisoned needles (quivered)
Press: ? - help, Shift-Dir - straight line, f/p - Sigmund
Aim: Sigmund, wielding a scythe and wearing a robe You toss away a poisoned needle.
The poisoned needle hits Sigmund.
Sigmund casts a spell at you. You resist with significant effort.
Sigmund hits you with a scythe!
* * * LOW HITPOINT WARNING * * *
You closely miss Sigmund. You grab Sigmund.
You constrict Sigmund, but do no damage.
You hit Sigmund.
Sigmund is lightly wounded.
You constrict Sigmund, but do no damage.
Sigmund casts a spell at you. The magic dart hits you!
You die...

#.#####.# #...#
#.#
#.#########...#
#.#
#.............#
#.#
#########....##
#.# #.#.## #.#
#.#.# #.# #.#.#
#.# #.#.# #.#
#@#.# #.####
#@..# #....#
#.### ####.#
#(#
#.##########(#
#......<..##..
#########.##.#
#.##.# #.##.#


You could see Sigmund.

Vanquished Creatures
  An adder (D:2)
  A leopard gecko (D:1)
  4 bats (D:1)
  A giant cockroach (D:1)
  6 goblins (D:1)
  5 hobgoblins
  3 kobolds
  A quokka (D:2)
  2 frilled lizards (D:1)
  7 rats
31 creatures vanquished.

Notes
Turn   | Place    | Note
-------+----------+-------------------------------------------
     0 | D:1      | McKennaii the Octopode Assassin began the quest for the Orb.
     0 | D:1      | Reached XP level 1. HP: 14/14 MP: 1/1
   147 | D:1      | Reached XP level 2. HP: 18/19 MP: 2/2
   201 | D:1      | Reached skill level 6 in Stealth
   521 | D:1      | Reached XP level 3. HP: 24/24 MP: 3/3
   998 | D:2      | Noticed Sigmund
  1107 | D:2      | Found a shimmering altar of Xom.
  1198 | D:2      | Killed from afar by Sigmund

Skill      XL: |  1  2 |
---------------+-------+-----
Stealth        | 6 |  6.6
Fighting       | |  2.2
Short Blades   | |  2.2
Throwing       | |  2.1
Dodging        | |  1.1

Action                   || total
-------------------------++-------
Melee: Dagger            ||    52
       Constrict         ||    13
       Tentacles         ||     6
 Stab: Sleeping          ||    13
       Distracted        ||     1
Armor: Skin              ||     1
Dodge: Dodged            ||    22
